 Dungeon Crawl Stone Soup version 0.19-a0-659-g8260ecf (webtiles) character file.

156 sudo the Skirmisher (level 5, -1/41 HPs)
             Began as a Demonspawn Fighter on June 15, 2016.
             Killed by nerve-wracking pain
             ... invoked by Grinder
              (10 damage)
             ... on level 3 of the Dungeon.
             The game lasted 00:04:16 (2139 turns).

sudo the Skirmisher (Demonspawn Fighter)            Turns: 2139, Time: 00:04:17

Health: -1/41      AC:  8    Str: 16    XL:     5   Next: 15%
Magic:  5/5        EV: 14    Int:  9    God:
Gold:   132        SH: 10    Dex: 21    Spells: 0 memorised, 4 levels left

rFire  . . .     SeeInvis .     a - +0 long sword
rCold  . . .     Gourm    .     s - +0 ring mail
rNeg   . . .     Faith    .     c - +0 shield
rPois  .         Spirit   .     (no helmet)
rElec  .         Dismiss  .     (no cloak)
rCorr  .         Reflect  .     g - +0 pair of gloves
SustAt .         Harm     .     e - +0 pair of boots
MR     .....                    (no amulet)
Stlth  +++.......               (no ring)
                                (no ring)

@: agile, very slightly contaminated, invisible, not resistant to hostile
enchantments, fairly stealthy
A: thin skeletal structure 1, foul stench 1, rot immunity
a: no special abilities


You were on level 3 of the Dungeon.
You were not hungry.

You visited 1 branch of the dungeon, and saw 3 of its levels.

You collected 132 gold pieces.

Inventory:

Hand Weapons
 a - a +0 long sword (weapon)
Armour
 b - a +0 scale mail
 c - a +0 shield (worn)
 e - a +0 pair of boots (worn)
 g - a +0 pair of gloves (worn)
 s - a +0 ring mail (worn)
Wands
 u - a wand of teleportation (0/9)
Scrolls
 j - 4 scrolls of remove curse
 k - 2 scrolls of amnesia
 l - a scroll of teleportation {unknown}
 m - a scroll of noise {unknown}
 n - a scroll of recharging {unknown}
 q - a scroll of fear {unknown}
Potions
 i - a potion of invisibility
 t - a potion of agility
 v - 3 potions of curing {unknown}
Comestibles
 d - 2 chunks of flesh
 f - 6 bread rations
 h - 3 meat rations
 r - a beef jerky


   Skills:
 + Level 3.5 Fighting
 * Level 2.9 Long Blades
 + Level 3.2 Armour
 + Level 1.2 Dodging
 * Level 1.3 Stealth
 + Level 3.3 Shields


You had 4 spell levels left.
You didn't know any spells.

Dungeon Overview and Level Annotations

Branches:
Dungeon (3/15)

Altars:

Annotations:
D:3 Grinder


Innate Abilities, Weirdness & Mutations

You have a somewhat thin skeletal structure. (Dex +2, Stealth)
You may emit foul miasma when damaged in melee.
You are immune to rotting.


Message History

Grinder says, "FISH!"
Grinder hits you.
You writhe in agony.
You closely miss Grinder.
Grinder is moderately wounded.
Grinder gestures at you. Pain shoots through your body!
* * * LOW HITPOINT WARNING * * *
Unknown command.
You are too injured to fight recklessly!
Unknown command.
You are too injured to fight recklessly!
You are too injured to fight recklessly!
You are too injured to fight recklessly!
It was a potion of magic.
Magic courses through your body. Grinder hits you but does no damage.
It was a potion of agility.
You feel agile all of a sudden. Grinder gestures at you.
Pain shoots through your body!
You die...

#..........#.#.##.#
#.##########.#.##.#
#.#
#..........##.####
#.#
#...#...>......)..
#.#
#...####.####.#...
#.#
#...#.........#.##
#.#
#...#.............
#.#
#.5.#...)#########
#.###@..#.##.#.. ..
#.......#.
#(#.#######
#.####..#
##(#....... ###
..#.#(.#....####
..#.#.##........
#.#..........###
.###(###....#.. .#
#.# #....#.# #.#
#....#.#


You could see Grinder.

Vanquished Creatures
  Jessica (D:2)
  Ijyb (D:2)
  Natasha (D:2)
  An adder (D:3)
  An ooze (D:1)
  4 dart slugs
  A giant gecko (D:2)
  An orc (D:3)
  A ball python (D:3)
  4 giant cockroaches
  3 hobgoblins
  8 kobolds
  3 quokkas (D:2)
  10 bats
  8 goblins
  10 rats
58 creatures vanquished.

Notes
Turn   | Place    | Note
--------------------------------------------------------------
     0 | D:1      | sudo the Demonspawn Fighter began the quest for the Orb.
     0 | D:1      | Reached XP level 1. HP: 18/18 MP: 1/1
   145 | D:1      | Gained mutation: You have a somewhat thin skeletal structure. (Dex +2, Stealth) [demonic ancestry]
   145 | D:1      | Reached XP level 2. HP: 12/24 MP: 2/2
   726 | D:1      | Reached XP level 3. HP: 25/29 MP: 3/3
  1029 | D:2      | Noticed Ijyb
  1139 | D:2      | Killed Ijyb
  1139 | D:2      | Gained mutation: You are immune to rotting. [demonic ancestry]
  1139 | D:2      | Reached XP level 4. HP: 27/35 MP: 4/4
  1257 | D:2      | Noticed Jessica
  1264 | D:2      | Killed Jessica
  1264 | D:2      | Reached skill level 1 in Stealth
  1471 | D:2      | Noticed Natasha
  1482 | D:2      | Killed Natasha
  1482 | D:2      | Reached skill level 1 in Dodging
  1978 | D:3      | Gained mutation: You may emit foul miasma when damaged in melee. [demonic ancestry]
  1978 | D:3      | Reached XP level 5. HP: 40/41 MP: 5/5
  2126 | D:3      | Noticed Grinder
  2139 | D:3      | Killed from afar by Grinder

Vault maps used:
D:1:      dpeg_arrival_shelter, roderic_serpentine_path
D:2:      wad_pebble_path, uniq_natasha, uniq_iyjb, uniq_jessica
D:3:      first_bread, uniq_sigmund, uniq_grinder

Skill      XL: |  1  2  3  4 |
---------------+-------------+-----
Armour         | 3 |  3.2
Long Blades    | 2 |  2.9
Shields        | 3 |  3.3
Stealth        | 1 |  1.3
Dodging        | 1 |  1.2
Fighting       | |  3.5

Action                   |  1- 3 |  4- 6 || total
-------------------------+-------+-------++-------
Melee: Long sword        |   152 |    84 ||   236
  Use: Scroll            |       |     2 ||     2
       Potion            |       |     4 ||     4
 Stab: Sleeping          |       |     3 ||     3
  Eat: Chunk             |     1 |     2 ||     3
       Pizza             |       |     1 ||     1
Armor: Scale mail        |    64 |       ||    64
       Ring mail         |    15 |    18 ||    33
Dodge: Dodged            |    40 |    25 ||    65
Block: Shield            |    81 |    33 ||   114
